Cogmind - Beta 15 @@@ ROGUE MODE // 2025.08.01 @ 21:45:06 Player: shapeshifter Result: Destroyed by P-70 Sage with Tesla Rifle Performance ------------- Evolutions (6) 3000 Regions Visited (13) 2600 Robots Destroyed (227) 1135 Value Destroyed (10441) 10441 Prototype IDs (17) 340 Alien Tech Used (0) 0 Bonus (3313) 3313 TOTAL SCORE: 20829 Bonus ------- High Alert Combat Kills 1074 Follower Combat Kills 1198 Met Imprinter 300 Was Imprinted 300 Met R17 at Cetus 500 Friendly Fire -59 Cogmind --------- Core Integrity 0/1150 Matter 55/300 Energy 100/100 System Corruption 20% Temperature Cool (0) Movement Core (150) Ox2 Location -4/Factory Parts ------- > --- POWER (2) -------- (None) > --- PROPULSION (4) --- (None) > --- UTILITY (9) ------ Improved Target Analyzer Improved Target Analyzer > --- WEAPON (4) ------- Enhanced Force Lance > --- INVENTORY (5) ---- Coil Gun Railgun Lance Peak State ------------ > --- POWER ------------ Quantum Reactor Quantum Reactor > --- PROPULSION ------- Medium Treads Armored Medium Treads Centrium Heavy Treads > --- UTILITY ---------- Advanced Heat Sink Huge Storage Unit Core Analyzer Makeshift Utility Shielding Centrium Medium Armor Plating Graphene Brace Remote Force Field > --- WEAPON ----------- Advanced Variable Charge Gun Advanced Variable Charge Gun Enhanced Coil Gun Advanced KE Penetrator > --- INVENTORY -------- Neutrino Core Quantum Reactor Improved Treads Advanced Heat Sink Advanced Cooling System High-capacity Storage Unit Compact Battery Matter Filter Advanced ECM Suite Improved Medium Armor Plating Improved Medium Armor Plating Improved Medium Armor Plating Remote Force Field Remote Force Field Improved Component Analysis Suite Bomb Factory No. 2 Wave Gun Wave Gun Wave Gun Advanced Variable Charge Gun KE Penetrator Advanced KE Penetrator Bore Cannon Shock Maul [Rating: 126] Favorites ----------- Power Quantum Reactor Engine Heavy Ion Engine Power Core Micro Fission Core Reactor Quantum Reactor Propulsion Armored Medium Treads Treads Armored Medium Treads Leg Flexi-carbon Leg Wheel Compact Wheel Hover Unit Antigrav System Utility Huge Storage Unit Device Advanced Heat Sink Storage Huge Storage Unit Processor Core Analyzer Hackware Improved Hacking Suite Protection Makeshift Utility Shielding Weapon Advanced Variable Charge Gun Energy Gun Advanced Variable Charge Gun Energy Cannon Advanced Beam Cannon Ballistic Gun Advanced KE Penetrator Ballistic Cannon Enhanced Gauss Cannon Launcher Mini Grenade Launcher Impact Weapon Shock Maul Piercing Weapon Lance Special Melee Weapon Datajack Build | -11 -10 -9 -9 -7 -6 -6 -6 -6 -6 -5 -5 -5 -4 ------- Run | Yrd Mat Mat Min Zio Pro Fac Ext Cet Arc Fac Was Fac Fac Slots Evolved 12 | . . 2 . . . 6 . . . 2 . . 2 Power 1 | . . . . . . 1 . . . . . . . Propulsion 2 | . . . . . . 2 . . . . . . . Utility 7 | . . 2 . . . 3 . . . . . . 2 Weapon 2 | . . . . . . . . . . 2 . . . Parts Attached 195 | 7 3 16 . 1 11 25 32 15 3 33 5 25 19 Power 24 | 1 1 3 . . 1 4 3 2 1 2 . 5 1 Engine 13 | 1 1 3 . . 1 3 3 1 . . . . . Core 7 | . . . . . . 1 . . . 1 . 4 1 Reactor 4 | . . . . . . . . 1 1 1 . 1 . Propulsion 44 | 2 1 3 . . 1 7 12 3 2 4 1 4 4 Treads 21 | 2 . . . . 1 3 . 1 2 4 1 3 4 Leg 17 | . . . . . . 3 12 2 . . . . . Wheel 5 | . 1 3 . . . 1 . . . . . . . Hover 1 | . . . . . . . . . . . . 1 . Flight . | . . . . . . . . . . . . . . Utility 76 | 2 . 5 . . 6 9 11 5 . 17 4 10 7 Device 41 | 1 . 2 . . 2 8 4 3 . 9 2 6 4 Storage 6 | 1 . 1 . . . . 1 . . 2 . 1 . Processor 7 | . . . . . 2 . . . . 2 . . 3 Hackware 1 | . . . . . . . . . . . . 1 . Protection 21 | . . 2 . . 2 1 6 2 . 4 2 2 . Artifact . | . . . . . . . . . . . . . . Weapon 51 | 2 1 5 . 1 3 5 6 5 . 10 . 6 7 Energy Gun 11 | . 1 1 . . 1 1 1 1 . 4 . . 1 Energy Cannon 10 | . . 3 . 1 . 3 . . . 2 . . 1 Ballistic Gun 14 | 2 . . . . 1 . 3 2 . 2 . 1 3 Ballistic Cannon 7 | . . . . . . 1 1 2 . . . 3 . Launcher 4 | . . 1 . . 1 . 1 . . . . . 1 Special Weapon . | . . . . . . . . . . . . . . Impact Weapon 1 | . . . . . . . . . . 1 . . . Slashing Weapon . | . . . . . . . . . . . . . . Piercing Weapon 3 | . . . . . . . . . . . . 2 1 Special Melee Weapon 1 | . . . . . . . . . . 1 . . . Unidentified Prototypes 16 | . . 3 . . . 5 . 4 . 3 . 1 . Parts Lost 63 | . 2 2 . . 5 4 9 8 . 1 5 4 23 Power 13 | . 1 1 . . . 1 2 2 . . 2 1 3 Propulsion 18 | . . 1 . . . 2 4 3 . . 1 1 6 Utility 22 | . . . . . 4 1 3 3 . . 2 1 8 Weapon 10 | . 1 . . . 1 . . . . 1 . 1 6 Highest Loss Streak 15 | . 1 1 . . 3 3 4 6 . 1 5 4 15 To Critical Strikes 3 | . . . . . . . . . . . 1 1 1 Average Backups 17 | 3 5 17 25 24 22 20 23 22 22 23 15 3 5 Power 1 | 1 . 1 2 2 2 1 . . 1 1 . . . Propulsion 1 | 1 2 3 4 2 2 1 2 2 . . 1 . 1 Utility 8 | . 1 6 10 12 10 9 12 10 9 13 9 1 . Weapon 6 | . . 6 9 8 6 8 8 8 10 7 3 . 2 Tool/Special . | . . . . . . . . . . . . . . Unused Backups 55 | . . 3 . 11 3 1 8 . 3 8 14 3 1 Power 6 | . . 1 . . 3 1 . . . . 1 . . Propulsion 7 | . . . . 1 . . 2 . 1 1 1 1 . Utility 27 | . . 2 . 6 . . 3 . 1 6 8 1 . Weapon 15 | . . . . 4 . . 3 . 1 1 4 1 1 Tool/Special . | . . . . . . . . . . . . . . Average Slot Usage (%) 89 | . 99 98 100 100 95 94 98 86 93 93 70 66 72 Engine 5 | . 13 10 11 11 11 6 12 6 1 . . . . Core 1 | . . . . . . 5 . . . . . 3 8 Reactor 3 | . . . . . . . . 1 10 10 7 3 . Treads 11 | . 27 3 . . 4 18 . 4 17 16 15 18 16 Leg 3 | . . . . . . 2 25 13 2 . . . . Wheel 5 | . . 18 22 22 17 5 . . . . . . . Device 16 | . 14 21 22 22 8 21 20 22 20 17 10 7 14 Storage 6 | . 14 11 11 11 11 6 6 6 6 5 3 . 4 Processor 2 | . . . . . 9 6 1 . . 4 3 . 6 Protection 11 | . . 11 11 11 11 10 17 15 20 11 10 10 3 Energy Gun 2 | . 4 1 . . 2 . 2 2 . 8 3 . 1 Energy Cannon 4 | . . 12 11 20 1 2 3 . . 1 5 1 . Ballistic Gun 6 | . 23 2 . . 10 2 4 6 13 10 6 3 6 Ballistic Cannon 1 | . . . . . . 3 2 2 . . . 6 4 Launcher 1 | . . 5 11 1 7 . . . . . . . . Peak Build Rating 126 | 7 7 19 19 24 36 69 79 104 104 126 124 100 117 Average Rating 71 | 4 6 14 19 21 30 56 73 89 101 121 94 83 84 On Entrance 51 | . 7 7 19 19 24 36 69 78 104 103 119 56 73 Naked Turns . | . . . . . . . . . . . . . . Heaviest Build 167 | 12 12 102 102 105 106 136 145 141 152 167 165 105 78 Greatest Support 150 | 40 40 40 26 26 26 98 80 80 126 135 150 124 129 Greatest Overweight (x) 43 | . . 3 3 4 5 8 43 2 1 2 1 3 11 Average Overweight (x) 2 | . . 2 3 3 3 6 1 1 1 1 . . . Largest Inventory Capacity 25 | 8 8 25 25 25 25 25 25 25 25 25 25 10 10 Average Capacity 20 | 6 8 22 25 25 25 25 25 25 25 25 17 5 9 Most Carried 25 | 6 7 25 25 25 25 25 25 25 25 25 25 9 10 Average Carried 18 | 3 5 18 25 24 23 21 24 23 23 24 15 3 6 Final Capacity 25 | 8 8 25 25 25 25 25 25 25 25 25 5 10 5 Final Carried 25 | 4 7 25 25 25 25 25 25 23 25 25 . 6 3 Class Distribution -------------------- 37% | Scavenger-Tank 34% | Mutant 17% | Scavenger-Mutant 10% | Derelict-Mutant Dominant Class ---------------- Mutant | -10/Materials Mutant | -9/Materials Mutant | -9/Mines Mutant | -7/Zion Derelict-Mutant | -6/Proximity Caves Derelict-Mutant | -6/Factory Scavenger-Mutant | -6/Extension Scavenger-Mutant | -6/Cetus Scavenger-Mutant | -6/Archives Scavenger-Tank | -5/Factory Scavenger-Tank | -5/Waste Scavenger-Tank | -5/Factory Scavenger-Tank | -4/Factory Resources | -11 -10 -9 -9 -7 -6 -6 -6 -6 -6 -5 -5 -5 -4 ----------- Run | Yrd Mat Mat Min Zio Pro Fac Ext Cet Arc Fac Was Fac Fac Matter Collected 6848 | 298 146 280 . 170 395 976 898 324 241 1332 171 1143 474 Remotely . | . . . . . . . . . . . . . . Salvage Created 10685 | 127 306 824 . . 102 1291 911 536 329 3911 218 1149 981 Parts 521 | 10 31 51 . . 7 57 36 21 17 184 6 59 42 Haulers Intercepted 9 | . . 4 . . . 2 . . . 2 . 1 . Recyclers Shooed 8 | 1 1 1 . . . 2 . . . 2 . 1 . Parts Field Recycled . | . . . . . . . . . . . . . . Retrieved Matter . | . . . . . . . . . . . . . . Parts Self-Destructed 9 | . . . . . 9 . . . . . . . . Prevented 8 | . . . . . 8 . . . . . . . . Kills | -11 -10 -9 -9 -7 -6 -6 -6 -6 -6 -5 -5 -5 -4 ------- Run | Yrd Mat Mat Min Zio Pro Fac Ext Cet Arc Fac Was Fac Fac Combat Hostiles Destroyed 171 | . 13 21 . . 3 18 18 8 4 52 1 19 14 Melee 12 | . . . . . . . . . . 1 . 4 7 Guns 88 | . 13 . . . . 8 8 5 4 42 1 4 3 Cannons 39 | . . 10 . . 1 9 6 2 . 2 . 9 . AOE 25 | . . 11 . . 2 . 3 . . 6 . 1 2 Classes Destroyed 18 | 2 2 6 . . 1 2 . . . 3 1 . 1 Worker 3 | . . . . . . . . . . 2 . 1 . Builder 9 | . . 2 . . . 2 1 . . 3 . 1 . Tunneler 3 | 2 . 1 . . . . . . . . . . . Hauler 9 | . . 4 . . . 2 . . . 2 . 1 . Recycler 13 | 1 . 2 . . . 2 1 . . 6 . 1 . Mechanic 1 | . . . . . . . . . . 1 . . . Operator 4 | . . 2 . . . . . . . 1 . 1 . Watcher 14 | . . 3 . . . 1 . 2 . 5 . 2 1 Swarmer 38 | . 8 13 . . 2 3 4 . . 8 . . . Saboteur 1 | . . . . . . . . . . 1 . . . Grunt 55 | . 5 3 . . . 6 11 . . 25 . 3 2 Duelist 1 | . . 1 . . . . . . . . . . . Sentry 14 | . . 4 . . . 2 2 . 4 1 . 1 . Specialist 2 | . . . . . . . . . . . . . 2 Hunter 13 | . . . . . . 1 1 . . 3 . 4 4 Programmer 37 | . . . . . 1 5 . . . 14 . 11 6 Heavy 1 | . . . . . . 1 . . . . . . . Compactor 1 | . . . . . . . . . . . 1 . . Cetus Guard 8 | . . . . . . . . 8 . . . . . Z-Courier 1 | . . . . . . . . . . . . . 1 Best Kill Streak 11 | 3 7 11 . . 1 4 4 5 2 8 1 3 3 Combat Bots Only 7 | . 7 6 . . 1 3 4 4 2 6 1 2 3 Max Kills in Single Turn 4 | 1 2 2 . . 1 1 3 1 1 4 1 2 1 Gunslinging 1 | . 1 . . . . . . . . 1 . . . Exploded 3 | . . 2 . . 1 . 3 . . 3 . 1 1 Melee 1 | . . . . . . . . . . 1 . 1 1 Uniques/NPCs Destroyed . | . . . . . . . . . . . . . . Combat | -11 -10 -9 -9 -7 -6 -6 -6 -6 -6 -5 -5 -5 -4 -------- Run | Yrd Mat Mat Min Zio Pro Fac Ext Cet Arc Fac Was Fac Fac Hostile Shots Fired 1990 | . 85 67 . . 75 211 307 120 35 240 9 371 470 Missed 632 | . 19 33 . . 22 76 101 28 6 82 1 94 170 Hits 1358 | . 66 34 . . 53 135 206 92 29 158 8 277 300 Melee 9 | . . . . . . . . . . 1 8 . . Projectile 1349 | . 66 34 . . 53 135 206 92 29 157 . 277 300 Critical Strikes 60 | . . . . . 2 4 5 16 1 6 5 14 7 Actively Blocked 26 | . . . . . . 2 1 16 1 5 1 . . Part Disruptions 1 | . . . . . . . . . . . . 1 . Damage Taken 17721 | . 603 649 . . 535 1576 2353 2203 335 1991 301 3012 4163 Core 2584 | . 137 183 . . 55 129 272 149 34 140 47 270 1168 Absorbed by Shields 3136 | . . . . . . 425 815 228 352 1285 31 . . Redirected to Shielding 138 | . . 46 . . . 21 20 24 1 16 10 . . Ignored by Resistances 3304 | . . . . . 9 63 82 . . . . 2697 453 Regen/Repaired (Parts) 117 | . 117 . . . . . . . . . . . . Core Remaining (%) 54 | 100 45 . . . 40 . . . 31 . . 54 . Volleys Fired 615 | 7 38 59 . . 12 102 85 34 19 99 17 92 51 Largest 4 | 2 2 2 . . 2 2 2 2 2 4 4 4 3 Hottest 230 | 40 60 136 . . 136 145 128 115 70 230 215 186 145 Shots Fired 1213 | 14 74 85 . . 22 145 151 55 38 321 36 191 81 Gun 733 | 14 74 2 . . 9 49 70 40 38 291 28 60 58 Cannon 435 | . . 52 . . 10 96 74 15 . 30 8 131 19 Launcher 45 | . . 31 . . 3 . 7 . . . . . 4 Special . | . . . . . . . . . . . . . . Kinetic 745 | 14 64 1 . . 7 81 79 44 38 187 20 156 54 Thermal 389 | . 10 53 . . 10 55 65 11 . 134 16 35 . Explosive 44 | . . 31 . . 3 . 6 . . . . . 4 Electromagnetic 35 | . . . . . 2 9 1 . . . . . 23 Robot Hit Streak 14 | 4 8 14 . . 5 9 9 13 6 11 14 9 12 Robot Miss Streak 10 | 2 8 3 . . 3 5 10 2 2 6 5 4 5 Penetration Max 2 | . . . . . . 1 2 1 1 1 . 1 . Secondary Targets 16 | . 5 . . . . . 2 . . 9 . . . Max Gunslinging Chain 2 | . 1 . . . . . 1 . . 2 . . . Shots Hit Robots 730 | 8 39 47 . . 9 92 79 42 26 173 18 129 68 Core Hits 432 | 4 25 46 . . 9 42 58 42 11 119 4 43 29 Critical Kills 29 | . . . . . . 3 6 4 2 10 1 2 1 Critical Parts Destroyed 36 | . 1 . . . . . 8 4 1 6 . 14 2 Critical Strikes 82 | . 1 . . . . 5 14 8 4 16 2 22 10 Meltdown 3 | . . . . . . 2 . . . 1 . . . Destroy 64 | . 1 . . . . 1 14 8 4 15 2 16 3 Blast 8 | . . . . . . 2 . . . . . 5 1 Corrupt 1 | . . . . . . . . . . . . . 1 Impale 6 | . . . . . . . . . . . . 1 5 Melee Attacks 50 | . . . . . . . . . . . . 16 34 Impact . | . . . . . . . . . . . . . . Slashing . | . . . . . . . . . . . . . . Piercing 50 | . . . . . . . . . . . . 16 34 Sneak Attacks 9 | . . . . . . . . . . . . 2 7 Combat Hostiles . | . . . . . . . . . . . . . . Follow-up Attacks . | . . . . . . . . . . . . . . Damage Inflicted 24788 | 83 471 1839 . . 326 3021 2607 1373 806 7072 666 3961 2563 Guns 11563 | 83 469 12 . . 108 546 1079 1025 806 5324 448 831 832 Cannons 7990 | . . 570 . . 102 2474 900 348 . 576 218 2557 245 Explosions 3581 | . . 1257 . . 116 . 613 . . 1129 . 85 381 Melee 1547 | . . . . . . . . . . . . 442 1105 Ramming 107 | . 2 . . . . 1 15 . . 43 . 46 . Kinetic 12191 | 83 412 . . . 86 1866 1038 1092 806 3268 200 2664 676 Thermal 7781 | . 57 582 . . 102 1076 941 281 . 3467 466 809 . Explosive 2434 | . . 1257 . . 116 . 557 . . 123 . . 381 Electromagnetic 728 | . . . . . 22 78 56 . . 171 . . 401 Impact . | . . . . . . . . . . . . . . Slashing . | . . . . . . . . . . . . . . Piercing 1547 | . . . . . . . . . . . . 442 1105 Highest Corruption 19 | . . . . . . 6 6 6 6 4 3 2 19 Average Corruption 4 | . . . . . . 4 6 6 6 2 2 1 6 Corruption Purged 9 | . . . . . . . . . . 4 3 2 . Corruption Blocked . | . . . . . . . . . . . . . . Effects 139 | . . . . . . 24 43 15 6 29 3 12 7 Message Errors 30 | . . . . . . 7 10 . 2 5 1 4 1 Matter Fused 31 | . . . . . . 3 9 4 . 10 1 2 2 Heat Flow Errors 17 | . . . . . . 2 5 2 1 5 . 2 . Energy Discharges 19 | . . . . . . 5 6 3 2 1 . 2 . Parts Rejected 4 | . . . . . . . . 1 . . . 1 2 Parts Fused 1 | . . . . . . . 1 . . . . . . Data Loss (minor) 15 | . . . . . . 5 3 3 1 2 . . 1 Data Loss (major) 5 | . . . . . . 1 1 1 . 2 . . . Misfires 4 | . . . . . . . 1 1 . 2 . . . Alerts 4 | . . . . . . . 3 . . . 1 . . Misdirections 1 | . . . . . . . . . . . . . 1 Weapon Failures 8 | . . . . . . 1 4 . . 2 . 1 . Overload Shots 6 | . . . . . . . 6 . . . . . . Overflow Damage 658 | . . 140 . . . 128 . . . 107 . 230 53 Projectiles 242 | . . 1 . . . 128 . . . . . 100 13 Explosions 273 | . . 139 . . . . . . . 84 . 50 . Melee 143 | . . . . . . . . . . 23 . 80 40 Knockbacks 37 | . . . . . . 9 2 . . . . 23 3 Impact . | . . . . . . . . . . . . . . Kinetic 36 | . . . . . . 8 2 . . . . 23 3 Secondary 1 | . . . . . . 1 . . . . . . . Self-Inflicted Damage 680 | . . 270 . . . . 55 . . 355 . . . Shots 14 | . . 8 . . . . 1 . . 5 . . . Rammed 7 | . 1 . . . . 1 1 . . 1 . 3 . Targets Rammed 8 | . 1 . . . . 1 2 . . 1 . 3 . Kicked 1 | . . . . . . . 1 . . . . . . Crushed . | . . . . . . . . . . . . . . Highest Temperature 583 | . 44 222 . . 189 406 356 146 185 423 265 583 144 Average Temperature 104 | . 16 52 . . 63 100 62 34 96 127 106 132 57 Received Heat Transfer 2216 | . 135 102 . . 120 369 745 111 56 323 . 183 72 Effects 42 | . . . . . . 13 . . . 6 . 23 . Shutdowns 14 | . . . . . . 3 . . . 2 . 9 . Energy Bleed 4 | . . . . . . 2 . . . . . 2 . Interference 13 | . . . . . . 4 . . . 4 . 5 . Matter Decay 2 | . . . . . . . . . . . . 2 . Short Circuit 3 | . . . . . . 1 . . . . . 2 . Damage (minor) 1 | . . . . . . . . . . . . 1 . Damage (major) 4 | . . . . . . 3 . . . . . 1 . Damage (core) 1 | . . . . . . . . . . . . 1 . Siege Activations . | . . . . . . . . . . . . . . Martial Activations . | . . . . . . . . . . . . . . Shielding Activations . | . . . . . . . . . . . . . . Robots Disrupted . | . . . . . . . . . . . . . . Combat Hostiles . | . . . . . . . . . . . . . . Robots Corrupted 2 | . . . . . . . . . . . . . 2 Combat Hostiles 2 | . . . . . . . . . . . . . 2 Parts Fried 9 | . . . . . . . . . . . . 4 5 Impact Corruptions 1 | . . . . . . . . . . 1 . . . Robots Melted 6 | . . . . . . 2 1 1 . 1 . 1 . Combat Hostiles 5 | . . . . . . 1 1 1 . 1 . 1 . Parts Melted 23 | . . 3 . . . 5 4 1 . 8 . 2 . Heat Transferred 10450 | . 125 1061 . . 185 1640 1683 333 . 3893 592 938 . Parts Sabotaged 4 | . . . . . . . . . . 4 . . . Parts Stolen . | . . . . . . . . . . . . . . Parts Stripped . | . . . . . . . . . . . . . . Power Chain Reactions 2 | . . . . . . . . . . 2 . . . Alert | -11 -10 -9 -9 -7 -6 -6 -6 -6 -6 -5 -5 -5 -4 ------- Run | Yrd Mat Mat Min Zio Pro Fac Ext Cet Arc Fac Was Fac Fac Maximum Alert Level 4 | . . 2 1 . . . 2 1 . 4 2 2 1 Low Security (%) 53 | 100 100 24 . . . 100 39 11 100 43 . 71 44 Level 1 23 | . . 24 100 . . . 44 88 . 13 30 10 55 Level 2 13 | . . 51 . . . . 15 . . 9 69 18 . Level 3 4 | . . . . . . . . . . 14 . . . Level 4 4 | . . . . . . . . . . 17 . . . Level 5 . | . . . . . . . . . . . . . . High Security . | . . . . . . . . . . . . . . Max Security . | . . . . . . . . . . . . . . Peak Influence 1594 | 10 185 696 256 . . 170 608 341 150 1594 559 636 325 Initial 557 | . . 56 256 . . . 67 325 69 24 557 238 311 Average 303 | 1 103 378 246 . . 95 267 248 108 505 458 214 219 Influence Increases 7780 | 15 325 961 . . 264 579 1457 198 131 2256 14 1129 451 Destroy 0b10 Robot/C 4060 | . 260 420 . . 180 360 840 160 80 1040 . 440 280 Destroy 0b10 Robot/NC 285 | 15 . 70 . . . 35 15 10 . 100 . 35 5 Destroy Leader 824 | . 50 114 . . 20 126 122 . . 204 . 116 72 Allied During Kill 353 | . . . . . 64 12 263 . . . . 14 . Successful Hack 15 | . . 12 . . . . . 3 . . . . . Disable Machine 1170 | . . 150 . . . 15 135 15 45 435 . 315 60 Destroy Structure 788 | . . 165 . . . 31 82 10 6 372 14 74 34 Lose Combat Pursuer 285 | . 15 30 . . . . . . . 105 . 135 . Influence Decreases 7634 | 15 190 438 422 236 264 440 1014 607 234 732 1267 833 942 Entered New Map 2662 | . . 79 402 236 . . 72 257 104 46 1037 103 326 Time Decay 3953 | 15 180 339 20 . 185 380 552 270 130 676 180 640 386 Lost Part 598 | . 10 20 . . 28 40 90 80 . 10 50 40 230 Lost Ally 421 | . . . . . 51 20 300 . . . . 50 . Squads Dispatched 39 | . 2 2 . . . 9 4 . . 14 . 6 2 Investigation 5 | . 1 . . . . 2 2 . . . . . . Extermination 14 | . . . . . . 3 . . . 6 . 4 1 Reinforcement 14 | . 1 1 . . . 4 2 . . 3 . 2 1 Assault 3 | . . 1 . . . . . . . 2 . . . Garrison 3 | . . . . . . . . . . 3 . . . Intercept . | . . . . . . . . . . . . . . Searches Triggered . | . . . . . . . . . . . . . . Construction Impeded 5 | . . . . . . 1 2 . . . . 2 . Haulers Reinforced 3 | . . . . . . 1 . . . 2 . . . Active Scanning Responses . | . . . . . . . . . . . . . . Cargo Convoy Interrupts 1 | . . . . . . . . . . 1 . . . Stealth | -11 -10 -9 -9 -7 -6 -6 -6 -6 -6 -5 -5 -5 -4 --------- Run | Yrd Mat Mat Min Zio Pro Fac Ext Cet Arc Fac Was Fac Fac Distress Signals 10 | . . 2 . . . . 2 2 . . . . 4 Communications Jammed . | . . . . . . . . . . . . . . Distress Signals . | . . . . . . . . . . . . . . Times Spotted 278 | . 20 30 . . 9 23 56 9 11 64 6 30 20 Peak Tracking Total 9 | . 6 5 . . 5 3 9 5 1 5 5 7 5 Tactical Retreats 17 | . 1 1 . . . 1 3 . . 6 . 5 . Traps | -11 -10 -9 -9 -7 -6 -6 -6 -6 -6 -5 -5 -5 -4 ------- Run | Yrd Mat Mat Min Zio Pro Fac Ext Cet Arc Fac Was Fac Fac Traps Triggered 13 | . 1 . . . . . 3 . . 3 . 4 2 Indirectly . | . . . . . . . . . . . . . . Trap Hack Attempts . | . . . . . . . . . . . . . . Triggered . | . . . . . . . . . . . . . . Disarmed . | . . . . . . . . . . . . . . Reprogrammed . | . . . . . . . . . . . . . . Reused . | . . . . . . . . . . . . . . Traps Extracted . | . . . . . . . . . . . . . . Installed . | . . . . . . . . . . . . . . Triggered . | . . . . . . . . . . . . . . Machines | -11 -10 -9 -9 -7 -6 -6 -6 -6 -6 -5 -5 -5 -4 ---------- Run | Yrd Mat Mat Min Zio Pro Fac Ext Cet Arc Fac Was Fac Fac Machines Disabled 80 | . . 10 . . . 1 11 1 3 29 . 21 4 Max in Single Turn 21 | . . 2 . . . 1 1 1 1 5 . 21 4 Energy Cycler 1 | . . . . . . . 1 . . . . . . Machines Repaired . | . . . . . . . . . . . . . . Machines Dismantled . | . . . . . . . . . . . . . . Machines Sabotaged . | . . . . . . . . . . . . . . Overloaded Fab Kills . | . . . . . . . . . . . . . . Hacking | -11 -10 -9 -9 -7 -6 -6 -6 -6 -6 -5 -5 -5 -4 --------- Run | Yrd Mat Mat Min Zio Pro Fac Ext Cet Arc Fac Was Fac Fac Machines Accessed 17 | . 4 3 . . 1 2 2 1 . 3 . . 1 Terminals 10 | . 3 2 . . 1 1 2 1 . . . . . Fabricators 1 | . . . . . . 1 . . . . . . . Repair Stations 2 | . 1 . . . . . . . . 1 . . . Recycling Units 3 | . . 1 . . . . . . . 1 . . 1 Scanalyzers . | . . . . . . . . . . . . . . Garrison Access 1 | . . . . . . . . . . 1 . . . Total Hacks 41 | . 13 11 . . 1 4 3 2 . 5 . . 2 Successful 17 | . 4 6 . . 1 2 . 1 . 1 . . 2 Failed 24 | . 9 5 . . . 2 3 1 . 4 . . . Catastrophic 6 | . . 2 . . . 1 2 . . 1 . . . Database Lockouts . | . . . . . . . . . . . . . . Manual 29 | . 5 4 . . . 6 3 . . 3 . 5 3 Terminals 24 | . 8 9 . . 1 1 3 2 . . . . . Fabricators 3 | . . . . . . 3 . . . . . . . Repair Stations 8 | . 5 . . . . . . . . 3 . . . Recycling Units 5 | . . 2 . . . . . . . 1 . . 2 Scanalyzers . | . . . . . . . . . . . . . . Garrison Access 1 | . . . . . . . . . . 1 . . . Terminal Hacks 6 | . . 3 . . 1 1 . 1 . . . . . Record 2 | . . . . . 1 . . 1 . . . . . Open Door 1 | . . . . . . 1 . . . . . . . Branch Access Points 1 | . . 1 . . . . . . . . . . . Emergency Access Points 1 | . . 1 . . . . . . . . . . . Zone Layout 1 | . . 1 . . . . . . . . . . . Fabricator Hacks 1 | . . . . . . 1 . . . . . . . Load Schematic 1 | . . . . . . 1 . . . . . . . Repair Station Hacks 3 | . 3 . . . . . . . . . . . . Scan Component 2 | . 2 . . . . . . . . . . . . Repair 1 | . 1 . . . . . . . . . . . . Recycling Unit Hacks 5 | . . 2 . . . . . . . 1 . . 2 Report Inventory 3 | . . 1 . . . . . . . 1 . . 1 Retrieve Components 2 | . . 1 . . . . . . . . . . 1 Scanalyzer . | . . . . . . . . . . . . . . Garrison Access Hacks . | . . . . . . . . . . . . . . Unauthorized Hacks 2 | . 1 1 . . . . . . . . . . . Terminals 2 | . 1 1 . . . . . . . . . . . Botnet 2 | . 1 1 . . . . . . . . . . . Fabricators . | . . . . . . . . . . . . . . Repair Stations . | . . . . . . . . . . . . . . Recycling Units . | . . . . . . . . . . . . . . Scanalyzers . | . . . . . . . . . . . . . . Garrison Access . | . . . . . . . . . . . . . . Data Cores Recovered 1 | . . 1 . . . . . . . . . . . Used . | . . . . . . . . . . . . . . Hacking Detections 13 | . 4 2 . . . 2 1 1 . 2 . . 1 Full Trace Events 7 | . 4 1 . . . 1 1 . . . . . . Feedback Events . | . . . . . . . . . . . . . . Feedback Blocked . | . . . . . . . . . . . . . . Robot Schematics Acquired 2 | . . . . 2 . . . . . . . . . Robots Built . | . . . . . . . . . . . . . . Authchips . | . . . . . . . . . . . . . . Time . | . . . . . . . . . . . . . . Total Robot Build Rating . | . . . . . . . . . . . . . . Part Schematics Acquired 13 | . . . . 13 . . . . . . . . . Parts Built . | . . . . . . . . . . . . . . Authchips . | . . . . . . . . . . . . . . Time . | . . . . . . . . . . . . . . Total Part Build Rating . | . . . . . . . . . . . . . . Parts Repaired 1 | . 1 . . . . . . . . . . . . Time 26 | . 26 . . . . . . . . . . . . Parts Recycled . | . . . . . . . . . . . . . . Recycled Matter . | . . . . . . . . . . . . . . Retrieved Matter . | . . . . . . . . . . . . . . Retrieved Components 8 | . . 5 . . . . . . . . . . 3 Parts Scanalyzed . | . . . . . . . . . . . . . . Part Schematics Acquired . | . . . . . . . . . . . . . . Parts Damaged . | . . . . . . . . . . . . . . Bothacking | -11 -10 -9 -9 -7 -6 -6 -6 -6 -6 -5 -5 -5 -4 ------------ Run | Yrd Mat Mat Min Zio Pro Fac Ext Cet Arc Fac Was Fac Fac Used RIF Installer . | . . . . . . . . . . . . . . Robots Hacked . | . . . . . . . . . . . . . . Non-combat . | . . . . . . . . . . . . . . Combat . | . . . . . . . . . . . . . . Robot Hacks Applied . | . . . . . . . . . . . . . . Relay Couplers Released . | . . . . . . . . . . . . . . Fabnet Peak Effective % . | . . . . . . . . . . . . . . Robots Rewired 9 | . . . . . . . 9 . . . . . . Allies Hacked 1 | . . . . . . 1 . . . . . . . Hacks Repelled . | . . . . . . . . . . . . . . Allies | -11 -10 -9 -9 -7 -6 -6 -6 -6 -6 -5 -5 -5 -4 -------- Run | Yrd Mat Mat Min Zio Pro Fac Ext Cet Arc Fac Was Fac Fac Total Allies 29 | . . . . 6 . . 19 . . . . 3 1 Largest Group 11 | . . . . 6 6 2 11 . . . . 2 1 Highest-Rated Group 306 | . . . . 199 199 77 306 . . . . 102 27 Highest-Rated Ally 51 | . . . . 40 40 39 39 . . . . 51 27 Zionite Dispatches 3 | . . . . . . . . . . . . 2 1 Hacker 1 | . . . . . . . . . . . . 1 . Kinetic Resupply 1 | . . . . . . . . . . . . 1 . Explosive Resupply 1 | . . . . . . . . . . . . . 1 Total Orders 4 | . . . . . . . . . . . . 3 1 STAY 1 | . . . . . . . . . . . . 1 . ROAM 1 | . . . . . . . . . . . . 1 . DROP 2 | . . . . . . . . . . . . 1 1 Ally Attacks 208 | . . . . . 28 3 152 . . . . 25 . Total Damage 3472 | . . . . . 457 106 2551 . . . . 358 . Kills 38 | . . . . . 6 . 29 . . . . 3 . Allies Corrupted 2 | . . . . . 2 . . . . . . . . Allies Melted 1 | . . . . . . . . . . . . 1 . Intel | -11 -10 -9 -9 -7 -6 -6 -6 -6 -6 -5 -5 -5 -4 ------- Run | Yrd Mat Mat Min Zio Pro Fac Ext Cet Arc Fac Was Fac Fac Active Infowar (turns) 6890 | 15 590 814 54 2035 587 1187 1608 . . . . . . Terrain 1859 | . . . . . 547 1187 125 . . . . . . Seismic 3548 | 15 590 814 54 2035 40 . . . . . . . . ECM 2781 | . . . . . . 1173 1608 . . . . . . Robot Analysis Total . | . . . . . . . . . . . . . . Derelict Logs Recovered 4 | . . . . 1 3 . . . . . . . . Drone Launches . | . . . . . . . . . . . . . . Drone Recoveries . | . . . . . . . . . . . . . . Zionite Intel Received 1 | . . . . . . 1 . . . . . . . Main Access 1 | . . . . . . 1 . . . . . . . Exploration | -11 -10 -9 -9 -7 -6 -6 -6 -6 -6 -5 -5 -5 -4 ------------- Run | Yrd Mat Mat Min Zio Pro Fac Ext Cet Arc Fac Was Fac Fac Turns Passed 15432 | 128 590 814 54 2035 855 1187 1793 582 264 3550 374 2291 915 Spaces Moved 6406 | 66 263 436 41 1321 530 361 618 187 79 1239 144 753 368 Core 32 | 13 . . . . . . 1 . . . . . 18 Treads 3129 | 53 248 69 . . . 34 . 160 79 1239 144 753 350 Legs 611 | . . . . . . . 584 27 . . . . . Wheels 2634 | . 15 367 41 1321 530 327 33 . . . . . . Hover . | . . . . . . . . . . . . . . Flight . | . . . . . . . . . . . . . . Fastest Speed 50 | 50 100 135 135 135 135 145 190 190 240 240 160 160 150 Average Speed 186 | 138 156 140 135 148 149 214 196 237 240 243 195 196 173 Slowest Speed 2200 | 160 160 160 135 150 175 480 2200 260 240 320 246 410 600 Overloaded Moves . | . . . . . . . . . . . . . . Propulsion Burnouts . | . . . . . . . . . . . . . . Robots Hopped . | . . . . . . . . . . . . . . Potential Cave-ins . | . . . . . . . . . . . . . . Cave-ins Triggered . | . . . . . . . . . . . . . . Exploration Rate (%) 45 | 5 47 38 15 90 77 10 73 78 74 37 72 15 10 Regions Visited 13 Branch Regions 6 Pre-discovered Areas 4 | . . . . 3 1 . . . . . . . . Known Exits Taken 2 | . . 1 . . . . . . 1 . . . . Unknown Exits Taken 9 | 1 1 . 1 1 1 1 1 1 . . . 1 . Scrap Searched 6 | . . . . 3 3 . . . . . . . . Spaces Dug 10 | . . . . . . . . . . . 10 . . Terrain Destroyed 594 | . . 195 . . 13 30 35 8 6 223 15 50 19 Melee . | . . . . . . . . . . . . . . Projectile 180 | . . 2 . . . 30 17 8 6 78 15 14 10 AOE 414 | . . 193 . . 13 . 18 . . 145 . 36 9 Terrain Rammed . | . . . . . . . . . . . . . . Walls Destroyed . | . . . . . . . . . . . . . . Machines Disabled . | . . . . . . . . . . . . . . Actions | -11 -10 -9 -9 -7 -6 -6 -6 -6 -6 -5 -5 -5 -4 --------- Run | Yrd Mat Mat Min Zio Pro Fac Ext Cet Arc Fac Was Fac Fac Total 8758 | 90 373 556 40 1409 573 612 1043 271 120 1559 211 1392 509 Wait 810 | . 62 . . 55 8 70 22 7 . 103 22 453 8 Move 6394 | 65 262 435 40 1320 529 360 617 186 78 1239 143 752 368 Hop . | . . . . . . . . . . . . . . Pick Up 246 | 11 6 32 . 16 8 26 36 15 11 36 7 27 15 Fast Attach 15 | . . . . . . . . 2 . 5 . 5 3 Attach 111 | 7 2 5 . . 5 17 11 7 2 17 5 15 18 Detach 5 | . . . . . . 2 . . . . . 1 2 Swap 127 | . 2 14 . 1 6 18 29 10 1 26 6 11 3 Drop 168 | . . 11 . 17 5 16 33 10 9 33 11 17 6 Fire 615 | 7 38 59 . . 12 102 85 34 19 99 17 92 51 Melee 50 | . . . . . . . . . . . . 16 34 Ram 3 | . . . . . . 1 1 . . . . . 1 Kick 1 | . . . . . . . 1 . . . . . . Crush 5 | . 1 . . . . . . . . 1 . 3 . Escape Stasis 15 | . . . . . . . 15 . . . . . . Rewire 193 | . . . . . . . 193 . . . . . . Trap . | . . . . . . . . . . . . . . Miscellaneous . | . . . . . . . . . . . . . . Route ------- -11/Scrapyard -10/Materials -9/Materials (discovered 2 exits: *Min x2) -9/Mines (discovered 2 exits: [*Mat] / [*Zio]) -7/Zion -6/Proximity Caves -6/Factory (discovered 6 exits: Fac x4 / [*Low] / *Ext) -6/Extension (discovered 3 exits: *Fac x2 / *Cet) -6/Cetus (discovered 2 exits: *Fac / [*Arc]) -6/Archives (discovered 2 exits: *Fac / [*Hub]) -5/Factory (discovered 2 exits: *Fac x2) -5/Waste -5/Factory -4/Factory (discovered 1 exit: [*Res]) History --------- Turn | Location | Event 16 | -11/Scrapyard | Discovered new exit (range 15) 129 | -11/Scrapyard | Entered Materials 307 | -10/Materials | Build established: Mutant 365 | -10/Materials | Destroyed 7 combat bots 507 | -10/Materials | Repaired Lgt. Treads 630 | -10/Materials | Core integrity fell below 50% 648 | -10/Materials | Discovered new exit (range 4) 719 | -10/Materials | Entered another Materials area 719 | -9/Materials | Evolved 2 slots: Utility x2 880 | -9/Materials | Identified exit to Mines 1519 | -9/Materials | First assault squad dispatched 1533 | -9/Materials | Entered Mines 1550 | -9/Mines | Discovered new exit (range 13) 1551 | -9/Mines | A Derelict revealed a hidden shortcut to a safe place 1587 | -9/Mines | Entered Zion 1614 | -7/Zion | Given the Hacking Drone Bay 1616 | -7/Zion | Found Prototype Device 1633 | -7/Zion | Discovered new exit (range 16) 1726 | -7/Zion | Learned Factory security intel 1886 | -7/Zion | Learned location of Armory (-4) 2084 | -7/Zion | Met Imprinter 2623 | -7/Zion | Learned Factory emergency access door positions 2629 | -7/Zion | Found Prototype Device 2678 | -7/Zion | Found CR-A16's Pointy Stick 2760 | -7/Zion | Acquired unknown access codes intercepted by a Zionite 3036 | -7/Zion | Imprinted 3038 | -7/Zion | Declared Zion's savior 3527 | -7/Zion | Gained Derelict followers 3622 | -7/Zion | Entered Proximity Caves 3622 | -6/Proximity Caves | Accompanied by 6 allies 3640 | -6/Proximity Caves | Attracted the attention of an 0b10 checkpoint 3669 | -6/Proximity Caves | Core integrity fell below 50% 3696 | -6/Proximity Caves | Lost 3 allies 3699 | -6/Proximity Caves | Lost 3 parts (3u) 4151 | -6/Proximity Caves | Learned Factory trap positions 4153 | -6/Proximity Caves | Found DCF Scrap (12 items) 4236 | -6/Proximity Caves | Learned Factory stockpile data 4254 | -6/Proximity Caves | Learned location of Extension (-6) 4430 | -6/Proximity Caves | Build established: Derelict-Mutant 4455 | -6/Proximity Caves | Discovered new exit (range 6) 4477 | -6/Proximity Caves | Entered Factory 4477 | -6/Factory | Accompanied by 2 allies 4477 | -6/Factory | Evolved 6 slots: Power x1, Propulsion x2, Utility x3 4478 | -6/Factory | Loaded intel: 84 trap records 4485 | -6/Factory | Identified Hacking Drone Bay 4487 | -6/Factory | Identified Bomb Factory No. 2 4979 | -6/Factory | Discovered new exit (range 17) 5234 | -6/Factory | Discovered new exit (range 6) 5382 | -6/Factory | Retrieved Zion intel report: Main Access 5382 | -6/Factory | Identified exit to Factory 5535 | -6/Factory | Lost 3 parts (1p2n) 5664 | -6/Factory | Entered Extension 5666 | -6/Extension | Disrupted transfer network 5771 | -6/Extension | Build established: Scavenger-Mutant 5820 | -6/Extension | Lost 3 parts (2n1u) 5836 | -6/Extension | Rescued a captive Derelict 5838 | -6/Extension | Rescued a captive Derelict 6034 | -6/Extension | Rescued a captive Derelict 6034 | -6/Extension | Rescued a captive Derelict 6133 | -6/Extension | Rescued a captive Derelict 6136 | -6/Extension | Rescued a captive Derelict 6156 | -6/Extension | Rescued a captive Derelict 6159 | -6/Extension | Rescued a captive Derelict 6255 | -6/Extension | Build established: Mutant 6278 | -6/Extension | Rescued a captive Derelict 6374 | -6/Extension | Energy Cycler disabled 6374 | -6/Extension | Rescued a captive Derelict 6374 | -6/Extension | Rescued a captive Derelict 6375 | -6/Extension | Rescued a captive Derelict 6375 | -6/Extension | Rescued a captive Derelict 6376 | -6/Extension | Rescued a captive Derelict 6434 | -6/Extension | Spotted B-75 Beast 6537 | -6/Extension | Lost 10 allies 6550 | -6/Extension | Discovered exit to Factory (range 16) 6561 | -6/Extension | Lost 4 parts (2p2n) 6886 | -6/Extension | Build established: Scavenger-Mutant 7097 | -6/Extension | Terminal network hard line cut 7378 | -6/Extension | Discovered new exit (range 11) 7380 | -6/Extension | Discovered exit to Factory (range 13) 7457 | -6/Extension | Entered Cetus 7483 | -6/Cetus | Spotted Cetus Guard 7483 | -6/Cetus | Spotted Cetus Guard 7487 | -6/Cetus | Spotted Cetus Guard 7490 | -6/Cetus | Destroyed Cetus Guard 7493 | -6/Cetus | Spotted Cetus Guard 7503 | -6/Cetus | Core integrity fell below 50% 7525 | -6/Cetus | Destroyed Cetus Guard 7528 | -6/Cetus | Destroyed Cetus Guard 7537 | -6/Cetus | Destroyed Cetus Guard 7553 | -6/Cetus | Lost 6 parts (2p2n2u) 7763 | -6/Cetus | Discovered new exit (range 15) 7810 | -6/Cetus | Spotted Cetus Guard 7810 | -6/Cetus | Spotted Cetus Guard 7815 | -6/Cetus | Spotted Cetus Guard 7816 | -6/Cetus | Spotted Cetus Guard 7820 | -6/Cetus | Destroyed Cetus Guard 7833 | -6/Cetus | Destroyed Cetus Guard 7849 | -6/Cetus | Destroyed Cetus Guard 7865 | -6/Cetus | Destroyed Cetus Guard 7878 | -6/Cetus | Discovered exit to Factory (range 15) 7890 | -6/Cetus | Scared off Revision 17 8039 | -6/Cetus | Entered Archives 8170 | -6/Archives | Discovered new exit (range 16) 8244 | -6/Archives | Discovered exit to Factory (range 16) 8303 | -6/Archives | Entered Factory 8303 | -5/Factory | Evolved 2 slots: Weapon x2 8611 | -5/Factory | Build established: Scavenger-Tank 9362 | -5/Factory | Discovered new exit (range 14) 9483 | -5/Factory | Discovered new exit (range 15) 9643 | -5/Factory | Terminal network hard line cut 10701 | -5/Factory | Garrison activated, responded to threat 11003 | -5/Factory | First assault squad dispatched 11097 | -5/Factory | Cargo convoy interrupted 11853 | -5/Factory | Sucked down chute 11853 | -5/Factory | Entered Waste 11906 | -5/Waste | Spotted C-40 Crusher 11948 | -5/Waste | Found Broken Adv. Powered Armor 11973 | -5/Waste | Spotted C-40 Crusher 11987 | -5/Waste | Destroyed C-40 Crusher 12033 | -5/Waste | Found Damper Plating 12058 | -5/Waste | Spotted C-40 Crusher 12075 | -5/Waste | Crushed by Compactor (0 parts destroyed, 1 dropped) 12078 | -5/Waste | Spotted C-40 Crusher 12081 | -5/Waste | Crushed by Compactor (1 part destroyed, 1 dropped) 12084 | -5/Waste | Crushed by Compactor (1 part destroyed, 1 dropped) 12087 | -5/Waste | Crushed by Compactor (1 part destroyed, 2 dropped) 12089 | -5/Waste | Spotted C-40 Crusher 12090 | -5/Waste | Crushed by Compactor (0 parts destroyed, 1 dropped) 12097 | -5/Waste | Crushed by Compactor (1 part destroyed) 12128 | -5/Waste | Lost 5 parts (2p1n2u) 12154 | -5/Waste | Spotted C-40 Crusher 12213 | -5/Waste | Discovered new exit (range 10) 12227 | -5/Waste | Entered Factory 12376 | -5/Factory | Build established: Mutant 12765 | -5/Factory | Zion Hacker squad teleported in 12913 | -5/Factory | Zion Kinetic Resupply teleported in 13249 | -5/Factory | Build established: Scavenger-Tank 13710 | -5/Factory | Terminal network hard line cut 13865 | -5/Factory | Discovered new exit (range 10) 14396 | -5/Factory | Spotted B-75 Beast 14515 | -5/Factory | Lost 4 parts (1p1n1u1w) 14518 | -5/Factory | Entered another Factory area 14518 | -4/Factory | Evolved 2 slots: Utility x2 14701 | -4/Factory | Zion Explosive Resupply teleported in 14707 | -4/Factory | Found Prototype Launcher 14965 | -4/Factory | Identified Mni. Smartbomb Launcher 14994 | -4/Factory | Discovered new exit (range 3) 15243 | -4/Factory | Lost 5 parts (2n1u2w) 15317 | -4/Factory | System corruption reached 10% 15339 | -4/Factory | Core integrity fell below 50% 15362 | -4/Factory | Lost 15 parts (3p4n5u3w) 15414 | -4/Factory | Core integrity fell below 20% 15433 | -4/Factory | Destroyed by P-70 Sage with Tesla Rifle Last Messages --------------- 15384_ The unstable cave ceiling collapses. 15391_ Hpw. Shotgun destroyed. 15397_ The unstable cave ceiling collapses. 15402_ U-05 Engineer lays Concrete. 15405_ Acquired Railgun. 15407_ System corrupted: Enh. Force Lance rejected. 15411_ Acquired Enh. Force Lance. 15411_ U-05 Engineer lays Concrete. 15412_ Med. Storage Unit destroyed. 15412_ U-05 Engineer lays Concrete. 15416_ P-70 Sage destroyed. 15416_ U-05 Engineer lays Concrete. 15426_ Construction Platform disabled. 15426_ Destroyed Imp. Heat Sink. 15427_ System corrupted: Component data lost. 15427_ U-05 Engineer lays Concrete. 15429_ P-70 Sage suffers critical hit (Impale). 15429_ Destroyed Antigrav System. 15429_ U-05 Engineer lays Concrete. Map ----- +----------------------------------------------------+ | ?????????????????????????????????????????????????? | | ?????????????????????????????????????????????????? | | ?????????????????????????????????????????????????? | | ?????????????????????????????????????????????????? | | ?????????????????????????????????????????????????? | | ?????????????????????????????????????????????????? | | ?????????????????????????????????????????????????? | | ?????????????????????????????????????????????????? | | ?????????????????????????????????????????????????? | | ?????????????????????????????????????????????????? | | ?????????????????????????????????????????????????? | | ?????????????????????????????????????????????????? | | ?????????????????????????????????????????????????? | | ?????????????????????????????????????????????????? | | ?????????????????????????????????????????????????? | | ?????????????????????????????????????????????????? | | ???????????????????####??????????????????????????? | | ??????????????###### # ??????????????????????????? | | ???????????#### ? ????????????????????????? | | ??????????## ## # ;"# ????????????????????????? | | ??????????# # ????????????????????????? | | ??????????# ##############????????????? | | ??????????# ; #????????????? | | ??????????# ; #????????????? | | ??????????# ; p #????????????? | | ??????????# @ """"???????????????? | | ??????????# [ """"???????????????? | | ??????????# !%! """"???????????????? | | ??????????+ # """"???????????????? | | ??????????# # """???????????????? | | ???????#??# # ^""""???????????????? | | ???????# ?# * [ # """" #????????????? | | ???????# ###### # # ### ^ #????????????? | | ######## =%= ## #????????????? | | "##/###########????????????? | | | #???????????????????? | | "" [ #######?????????????? | | "T" % +????????????? | | " = ########????????????? | | ?????# % #???????????????????? | | ?????# % #???????????????????? | | ?????# !%[ #???????????????????? | | ?????# * ???????????????? | | ?????# !"" # [ ^ ?????????????? | | ?????# = "" ??????????????? | | ?????# |* #^ "" """ ?????????????? | | ?????# " "" """" ## "" """ ??????????????? | | ?????# """" """" ## """ ""????????????????? | | ?????# """" """" ## "?" ????????????????? | | ?##### """" """" ## "?? ????????????????? | +----------------------------------------------------+ Best States ------------- Heat Dissipation 102 Energy Generation 45 Energy Capacity 600 Matter Stores 300 Matter Capacity 300 Sight Range 16 Terrain Scan Range 20 Terrain Scan Density 135 ECM Strength 2 Armor Coverage 1825 Resistance: KI 25 Resistance: TH 15 Resistance: EM 90 Power Shielding 33 Utility Shielding 15 Point Defense Rating 80 Phase Shifting 10 Evasion (%) 50 Targeting Accuracy 6 Target Analysis 9 Core Analysis 6 Recoil Reduction 4 Matter Filtering 50 Particle Charging 15 Salvage Targeting 4 Offensive Hacking 12 Item Schematics ----------------- Great Axe | -7/Zion | Archive Adv. Signal Interpreter | -7/Zion | Archive Dynamic Insulation System | -7/Zion | Archive EM Shield | -7/Zion | Archive Arc Projector | -7/Zion | Archive Tesla Rifle | -7/Zion | Archive Imp. Remote Datajack | -7/Zion | Archive Imp. Medium Armor Plating | -7/Zion | Archive Force Field | -7/Zion | Archive Powered Hammer | -7/Zion | Archive Imp. Reaction Control System | -7/Zion | Archive Gatling Laser | -7/Zion | Archive Lgt. Fission Core | -7/Zion | Archive Robot Schematics ------------------ K-01 Serf | -7/Zion | Archive R-06 Scavenger | -7/Zion | Archive Fabricated ------------ Nothing Repaired ---------- Lgt. Treads | 16% | -10/Materials Alien Tech Used ----------------- None Achievements -------------- Can't Touch This It Was An Accident, I Swear Challenges ------------ None Game ------ Seed CompositeMasterCalibrator Manual? 0 Play Time 02:29:26 Cumulative 84.5 hours Start 2025.08.01 @ 10:22:11 End 2025.08.01 @ 21:45:06 Sessions 6 Manual Loads 0 Difficulty Rogue Special Mode None Game No. 161 Rogue 161 Adventurer 0 Explorer 0 Win Type - Total 1 Types 1/0/0/0/0/0/0/0/0/0 Lore% 58 Gallery% 55 Achievement% 41 Wizard Run 0 Options --------- Layout 1 ASCII 0 Keyboard 0 Movement Mouse Keybinds 0 Fullscreen 1 Font 24/Smallcaps Map View 50x40 Zoom Use 0% Tactical HUD 1 Map Filters NONE Filters NONE Steam 1 RUN: a3735d45-ed29-4225-8ba9-3ae213281e9f